 Dungeon Crawl Stone Soup version 0.26-a0-540-g8a0c9464d7 (webtiles) character file.

Game seed: 16223447287935751991

28 Inarius the Skirmisher (level 3, 30/30 HPs)
             Began as a Mummy Wanderer on Aug 24, 2020.
             Safely got out of the dungeon.
             The game lasted 00:01:39 (1114 turns).

Inarius the Skirmisher (Mummy Wanderer)             Turns: 1114, Time: 00:01:39

Health: 30/30      AC:  3    Str: 15    XL:     3   Next: 0%
Magic:  3/3        EV: 11    Int: 11    God:
Gold:   33         SH:  0    Dex: 12    Spells: 2/2 levels left

rFire    x . .     SeeInvis .   a - +2 short sword
rCold    + . .     Faith    .   (no shield)
rNeg     + + +     Spirit   .   e - +0 robe
rPois    ∞         Reflect  .   (no helmet)
rElec    .         Harm     .   (no cloak)
rCorr    .                      (no gloves)
MR       .....                  g - +0 pair of boots
Stlth    +.........             (no amulet)
HPRegen  0.10/turn              (no ring)
MPRegen  0.08/turn              (no ring)

@: no status effects
A: no potions, fire vulnerability, cold resistance 1, negative energy resistance
3, torment resistance, unbreathing
a: no special abilities


You escaped.
You visited 1 branch of the dungeon, and saw 1 of its levels.

You collected 33 gold pieces.

Inventory:

Hand Weapons
 a - a +2 short sword (weapon)
 b - a +0 shortbow
Missiles
 c - 26 arrows
Armour
 e - a +0 robe (worn)
 g - a +0 pair of boots (worn)
Scrolls
 d - 2 scrolls of teleportation
 f - 2 scrolls of identify {unknown}
 h - a scroll of enchant weapon {unknown}


   Skills:
 + Level 4.0 Fighting
 - Level 1.0 Short Blades
   Level 2.4 Maces & Flails
 + Level 1.2 Armour
 + Level 0.2 Dodging
   Level 1.5 Shields


You had 2 spell levels left.
You didn't know any spells.
Your spell library was empty.

Dungeon Overview and Level Annotations

Branches:
Dungeon (1/15)

Altars:
Cheibriados


Innate Abilities, Weirdness & Mutations

You do not drink.
Your flesh is vulnerable to fire.
You are immune to poison.
Your flesh is cold resistant. (rC+)
You are immune to negative energy. (rN+++)
You are immune to unholy pain and torment.
You can survive without breathing.


Message History

No target in view!
No target in view!
No target in view!
No target in view!
No target in view!
No target in view!
You see here a bat corpse.
You see here a bat corpse.
A rat is nearby!
The rat bites you.
You hit the rat.
You kill the rat!
You have reached level 3!
Your experience leads to an increase in your attributes!
Increase (S)trength, (I)ntelligence, or (D)exterity?
You feel stronger.
There is an empty arch of ancient stone here.
There is a staircase leading out of the dungeon here.
Are you sure you want to leave the Dungeon?
This will make you lose the game!
You have escaped!

#...≈...#............
#.8.≈.8.#...#########
#...≈...#...#
#.♣.≈.♣.#####
#...≈...# #.8.≈.8.#
#...≈...# # ###...###
#############.##@##
.....>........####
#############.#
#############.#
..)......!....#
############### #


There were no monsters in sight!

Vanquished Creatures
  5 bats (D:1)
  A giant cockroach (D:1)
  3 hobgoblins (D:1)
  A ball python (D:1)
  4 goblins (D:1)
  6 kobolds (D:1)
  7 rats (D:1)
27 creatures vanquished.

Notes
Turn   | Place    | Note
-------+----------+-------------------------------------------
     0 | D:1      | Inarius the Mummy Wanderer began the quest for the Orb.
     0 | D:1      | Inarius set off with the following items: a +2 short sword,
                  | a +0 shortbow, 26 arrows, a scroll of teleportation, a +0
                  | robe
     0 | D:1      | Reached XP level 1. HP: 18/18 MP: 1/1
   227 | D:1      | Reached XP level 2. HP: 24/24 MP: 2/2
   393 | D:1      | Found a snail-covered altar of Cheibriados.
   851 | D:1      | Reached skill level 4 in Fighting
  1056 | D:1      | Reached XP level 3. HP: 29/30 MP: 3/3
  1114 | D:$      | Safely got out of the dungeon.

Illustrated notes

Levels and vault maps discovered:
D:1:      mainiacjoe_arrival_reflecting_pool, layout_loops_ring,
          chequers_hall_statues_corner_a, cheibriados_altar_1

Skill      XL: |  1  2 |
---------------+-------+-----
Fighting       | 4 |  4.0
Short Blades   | |  1.0
Maces & Flails | |  2.4
Armour         | |  1.2
Dodging        | |  0.2
Shields        | |  1.5

Action                   || total
-------------------------++-------
Melee: Short sword       ||    74
Armor: Robe              ||    20
Dodge: Dodged            ||    50

Table legend: (Time is in decaauts)
 A = Elapsed time spent in this place.
 B = Non-inter-level travel time spent in this place.
 C = Inter-level travel time spent in this place.
 D = Time resting spent in this place.
 E = Time spent auto-exploring this place.
 F = Levels seen in this place.
 G = Mean time per level.
                   A        B        C        D        E       F      G
               +--------+--------+--------+--------+--------+-----+--------+
         Total |   1118 |   1062 |     56 |    230 |    647 |   1 | 1118.0 |
       Dungeon |   1118 |   1062 |     56 |    230 |    647 |   1 | 1118.0 |
               +--------+--------+--------+--------+--------+-----+--------+

Top non-repeatable levels by time:
     D:1: 1118 daAuts
